 Dungeon Crawl Stone Soup version 0.29-a0-911-g88e6f02907 (webtiles) character file.

Game seed: 4120558166559137319

59 Turgor the Chopper (level 3, -5/28 HPs)
             Began as a Demonspawn Gladiator on July 25, 2022.
             Was a Follower of Fedhas.
             Slain by Crazy Yiuf
             ... wielding a +4 quarterstaff of chaos
              (17 damage)
             ... on level 2 of the Dungeon.
             The game lasted 00:05:49 (1434 turns).

Turgor the Chopper (Demonspawn Gladiator)           Turns: 1434, Time: 00:05:53

Health: -5/28      AC:  5    Str: 16    XL:     3   Next: 78%
Magic:  3/3        EV: 12    Int:  9    God:    Fedhas [*.....]
Gold:   74         SH:  0    Dex: 14    Spells: 2/2 levels left

rFire   . . .      SeeInvis .   a - +0 war axe
rCold   . . .      Faith    +   (no shield)
rNeg    . . .      Spirit   .   b - +0 leather armour
rPois   .          Reflect  .   c - +0 helmet
rElec   .          Harm     .   (no cloak)
rCorr   .          Rampage  .   (no gloves)
Will    .....                   (no boots)
Stlth   +.........              l - amulet of faith
HPRegen 0.09/turn               (no ring)
MPRegen 0.08/turn               (no ring)

@: no status effects
A: demonic guardian 1, sharp scales 1
a: Renounce Religion


You were on level 2 of the Dungeon.
You worshipped Fedhas.
Fedhas was aware of your devotion.
You visited 1 branch of the dungeon, and saw 2 of its levels.

You collected 74 gold pieces.

Inventory:

Hand Weapons
 a - a +0 war axe (weapon)
 k - a +0 short sword of venom
Missiles
 d - 3 throwing nets (quivered)
 e - a javelin
Armour
 b - a +0 leather armour (worn)
 c - a +0 helmet (worn)
Magical Staves
 f - a staff of fire
Jewellery
 l - an amulet of faith (around neck)
Scrolls
 g - a scroll of torment {unknown}
 j - a scroll of immolation {unknown}
 m - a scroll of teleportation {unknown}
Potions
 h - a potion of haste {unknown}
 i - a potion of berserk rage {unknown}


   Skills:
 + Level 2.5 Fighting
 * Level 3.6 Axes
 - Level 2.0 Throwing
 + Level 0.5 Armour
 - Level 3.0 Dodging


You had 2 spell levels left.
You didn't know any spells.
Your spell library contained the following spells:

 Spells                   Type           Power      Damage    Failure   Level
 Magic Dart               Conj           0%         1d3       45%         1
 Searing Ray              Conj           0%         2d4       58%         2
 Fulminant Prism          Conj/Hex       0%         3d6       99%         4


Dungeon Overview and Level Annotations

Branches:
Dungeon (2/15)

Altars:
Fedhas

Annotations:
D:2 Crazy Yiuf, Natasha


Innate Abilities, Weirdness & Mutations

A weak demonic guardian rushes to your aid.
You are partially covered in razor-sharp scales. (AC +1, Slay +1)


Message History

The adder is severely wounded.
The adder bites you.
You are poisoned.
The adder poisons you!
You slash the adder!
You kill the adder!
Fedhas appreciates your contribution to the ecosystem.
You feel sick.
You start resting.
You feel sick. x4
You are no longer poisoned.
Things that are here:
a +0 dagger; an adder corpse; a giant cockroach corpse A gnoll is nearby!
The gnoll shouts! x2
Found 9 stones.
Found a short sword.
Found 8 gold pieces.
Found a stone staircase leading down.
Press: ? - help, v - describe, . - travel
Here: a fungus (peaceful)
The floor.
You walk carefully through the fungus.
Found a hammer.
Found a runed translucent door.
Crazy Yiuf shouts!
Crazy Yiuf flaps his cloak.
You open the door. You barely miss Crazy Yiuf.
Crazy Yiuf says, "Dawk eyeball light!"
Crazy Yiuf barely misses you.
You barely miss Crazy Yiuf.
Crazy Yiuf drinks a potion.
Crazy Yiuf seems to grow stronger.
Crazy Yiuf hits you with a +4 quarterstaff of chaos!
Crazy Yiuf freezes you.
You hit Crazy Yiuf.
Crazy Yiuf is lightly wounded.
Crazy Yiuf says, "Sif Muna!
Action sing sizzlefizz."
Crazy Yiuf hits you with a +4 quarterstaff of chaos!
Ouch! That really hurt!
You die...
Fedhas appreciates your contribution to the ecosystem.

###....###....###.##)
#....# #........##.
♣PPP.♣ ##...###..#.
♣♣...♣ #...# #..#.
♣♣.♣♣ ##### #..#.
♣♣.♣ ##... ♣.♣♣ #..#
♣♣.♣ #### ♣@♣♣ #g#
... #...# #)..# #####


You could see Crazy Yiuf (strong).

Vanquished Creatures
  A gnoll (D:1)
  An adder (D:2)
  A dart slug (D:1)
  4 bats (D:1)
  3 endoplasms (D:1)
  3 giant cockroaches
  4 hobgoblins
  2 jackals (D:1)
  6 kobolds
  2 quokkas (D:1)
  2 ball pythons (D:1)
  2 frilled lizards (D:1)
  2 goblins
  2 rats
35 creatures vanquished.

Vanquished Creatures (others)
  15 plants (D:2)
15 creatures vanquished.

Grand Total: 50 creatures vanquished

Notes
Turn   | Place    | Note
-------+----------+-------------------------------------------
     0 | D:1      | Turgor the Demonspawn Gladiator began the quest for the
                  | Orb.
     0 | D:1      | Reached XP level 1. HP: 16/16 MP: 1/1
   312 | D:1      | Gained mutation: A weak demonic guardian rushes to your
                  | aid. [demonic ancestry]
   312 | D:1      | Reached XP level 2. HP: 19/22 MP: 2/2
   637 | D:1      | Gained mutation: You are partially covered in razor-sharp
                  | scales. (AC +1, Slay +1) [demonic ancestry]
   637 | D:1      | Reached XP level 3. HP: 25/28 MP: 3/3
  1179 | D:1      | Found a faded altar of an unknown god.
  1182 | D:1      | Prayed at the altar of an unknown god.
  1182 | D:1      | Became a worshipper of Fedhas Madash
  1182 | D:1      | Reached * piety under Fedhas
  1310 | D:2      | Noticed Natasha
  1427 | D:2      | Found a runed translucent door.
  1428 | D:2      | Noticed Crazy Yiuf
  1434 | D:2      | Slain by Crazy Yiuf

Illustrated notes

Levels and vault maps discovered:
D:1:      heliophobic_arrival_henge, layout_basic,
          shapermc_ecumenical_altar_mp_vishouse
D:2:      wad_lake_hut, layout_rooms, uniq_crazy_yiuf_cottage, uniq_natasha

Skill      XL: |  1  2 |
---------------+-------+-----
Axes           | 3 |  3.6
Throwing       | 2 |  2.0
Dodging        | 3 |  3.0
Fighting       | |  2.5
Armour         | |  0.5

Action                   || total
-------------------------++-------
Melee: War axe           ||    91
Armor: Leather armour    ||    30
Dodge: Dodged            ||    67

Table legend: (Time is in decaauts)
 A = Elapsed time spent in this place.
 B = Non-inter-level travel time spent in this place.
 C = Inter-level travel time spent in this place.
 D = Time resting spent in this place.
 E = Time spent auto-exploring this place.
 F = Levels seen in this place.
 G = Mean time per level.
                   A        B        C        D        E       F      G
               +--------+--------+--------+--------+--------+-----+--------+
         Total |   1465 |   1394 |     71 |     10 |   1042 |   2 |  732.5 |
       Dungeon |   1465 |   1394 |     71 |     10 |   1042 |   2 |  732.5 |
               +--------+--------+--------+--------+--------+-----+--------+

Top non-repeatable levels by time:
     D:1: 1282 daAuts
     D:2: 183 daAuts
